 Dungeon Crawl Stone Soup version 0.17.1-3-g152610e (webtiles) character file.

285 GFox the Covered (level 6, -1/53 HPs)
             Began as a Minotaur Fighter on Apr 24, 2016.
             Slain by Blork the orc
             ... wielding a +0 glaive
              (3 damage)
             ... on level 4 of the Dungeon.
             The game lasted 00:24:12 (2360 turns).

GFox the Covered (Minotaur Fighter)                 Turns: 2360, Time: 00:24:14

Health: -1/53      AC:  8    Str: 24 (27) XL:     6   Next: 7%
Magic:  5/5        EV: 14    Int:  5      God:
Gold:   195        SH: 10    Dex: 15      Spells: 0 memorised, 5 levels left

rFire  . . .     SeeInvis .     a - +0 war axe
rCold  . . .     Clarity  .     b - +0 scale mail
rNeg   . . .     SustAt   .     c - +0 shield
rPois  .         Gourm    .     (helmet restricted)
rElec  .         Spirit   .     (no cloak)
rCorr  .         Warding  .     (no gloves)
rMut   .         Stasis   .     j - +0 pair of boots
MR     .....                    m - amulet of regeneration
Stlth  +.........               (no ring)
                                (no ring)

@: mighty, agile, not resistant to hostile enchantments, very unstealthy
A: retaliatory headbutt, horns 2
a: no special abilities


You were on level 4 of the Dungeon.
You were not hungry.

You visited 1 branch of the dungeon, and saw 4 of its levels.

You collected 195 gold pieces.

Inventory:

Hand Weapons
 a - a +0 war axe (weapon)
Armour
 b - a +0 scale mail (worn)
 c - a +0 shield (worn)
 j - a +0 pair of boots (worn)
Magical Staves
 w - an uncursed staff of wizardry
Jewellery
 e - an uncursed ring of fire
 m - an amulet of regeneration (around neck)
Wands
 r - a wand of random effects (40)
 u - a wand of enslavement (6)
Scrolls
 g - 3 scrolls of teleportation
 i - a scroll of fog
 k - 3 scrolls of enchant armour
 n - 2 scrolls of identify
Potions
 h - a potion of invisibility {unknown}
 o - a potion of agility
Books
 v - a book of the Sky

   Spells                             Type                      Level
   a - Summon Lightning Spire         Summoning/Air                4
   b - Airstrike                      Air                          4
   c - Silence                        Hexes/Air                    5
   d - Deflect Missiles               Charms/Air                   6
   e - Conjure Ball Lightning         Conjuration/Air              6
   f - Tornado                        Air                          9
Comestibles
 f - 7 meat rations
 q - 2 bread rations
 s - 3 chunks of flesh


   Skills:
 + Level 4.7 Fighting
 + Level 4.6 Axes
 + Level 5.2 Armour
 + Level 1.8 Dodging
 + Level 0.1 Stealth
 + Level 4.5 Shields


You had 5 spell levels left.
You didn't know any spells.

Dungeon Overview and Level Annotations

Branches:
Dungeon (4/15)
 Temple: D:4-7

Altars:

Annotations:
D:4 Blork the orc, Pikel


Innate Abilities, Weirdness & Mutations

You reflexively headbutt those who attack you in melee.
You have a pair of horns on your head.


Message History

* * * LOW HITPOINT WARNING * * *
Pikel freezes you.
* * * LOW HITPOINT WARNING * * *
You block the slave's attack. Blork the orc barely misses you.
Drink which item? (? for menu, Esc to quit)
You feel agile all of a sudden. The slave hits you but does no damage.
Pikel hits you but does no damage. The slave hits you.
* * * LOW HITPOINT WARNING * * *
Blork the orc mumbles some strange words.
Blork the orc flickers and vanishes!
Deactivating autopickup; reactivate with Ctrl-A.
You slash Pikel!
Pikel is moderately wounded.
You barely miss something. You barely miss the slave.
The slave is heavily wounded.
You slash the slave!
You kill the slave!
That felt strangely unrewarding.
Something hits you.
You die...

........#####.##.....
?...... #......###.#
#...... #.##.#.# #.#
#...# #.##.#.# #.. #...#
#.#....# ###
#####...#####[.#.#.#####
..............###.....##
......p......## ##......
.....r[@......###..##.##
#.###.K{######.#...##.##
#..p# ##..####.## #...#
##.####.#. #...#
#......#. #...#
#.####... ##.## #.# #.#.
#. #.# #.#. #.. ....


You could see Pikel, 2 slaves and a quokka.

Vanquished Creatures
  Sigmund (D:3)
  2 slaves (D:4)
  2 orc wizards (D:3)
  3 worms
  3 giant geckos
  4 orcs (D:3)
  6 bats
  3 giant cockroaches (D:3)
  5 hobgoblins
  3 ball pythons
  4 giant newts
  10 goblins
  7 kobolds
  8 rats
61 creatures vanquished.

Notes
Turn   | Place    | Note
--------------------------------------------------------------
     0 | D:1      | GFox the Minotaur Fighter began the quest for the Orb.
     0 | D:1      | Reached XP level 1. HP: 19/19 MP: 0/0
   148 | D:1      | Reached XP level 2. HP: 27/27 MP: 1/1
   390 | D:1      | Reached skill level 4 in Armour
  1115 | D:2      | Reached XP level 3. HP: 33/33 MP: 2/2
  1657 | D:3      | Noticed Sigmund
  1687 | D:3      | Killed Sigmund
  1687 | D:3      | Reached skill level 1 in Dodging
  1687 | D:3      | Reached XP level 4. HP: 21/41 MP: 3/3
  1687 | D:3      | Reached XP level 5. HP: 24/47 MP: 4/4
  1996 | D:3      | Reached skill level 5 in Armour
  2004 | D:3      | Reached XP level 6. HP: 42/53 MP: 5/5
  2343 | D:4      | Noticed Blork the orc
  2344 | D:4      | Noticed Pikel
  2359 | D:4      | HP: 2/53 [slave[Pikel] (3)]
  2360 | D:4      | Slain by Blork the orc

Action                   |  1- 3 |  4- 6 || total
-------------------------+-------+-------++-------
Melee: War axe           |    90 |    67 ||   157
  Use: Scroll            |     1 |     8 ||     9
       Potion            |       |     4 ||     4
  Eat: Bread ration      |     1 |       ||     1
       Chunk             |       |     1 ||     1
